 Dungeon Crawl Stone Soup version 0.31.0-1-g2c135a008e (webtiles) character file.

Game seed: 10236502420402551097

1372 qw the Shooter (level 8, -8/60 HPs)
             Began as a Djinni Hunter on Jan 23, 2024.
             Was a Follower of Okawaru.
             Killed from afar by an electric eel (10 damage)
             ... with a bolt of electricity
             ... on level 6 of the Dungeon.
             The game lasted 00:00:22 (5130 turns).

qw the Shooter (Djinni Hunter)                      Turns: 5130, Time: 00:00:23

Health: -8/60      AC:  6    Str: 18    XL:     8   Next: 98%
Gold:   231        EV: 14    Int: 11    God:    Okawaru [*.....] SH:  5 Dex: 24

rFire   + + .        a - +0 shortbow
rCold   x . .        (shield currently unavailable)
rNeg    . . .        i - +0 ring mail
rPois   inf          b - +0 helmet "Ytemiqad" {*Corrode Str+8 Dex+5}
rElec   .            (no cloak)
rCorr   .            (no gloves)
SInv    .            (boots unavailable)
Will    .....        h - amulet of reflection
Stlth   +            (no ring)
HPRegen 0.30/turn    (no ring)
MPRegen 0.00/turn

%: corrode self (3%), reflection, infuse magic (-9 HP)
@: flying
A: sickness immunity, fire resistance 2, cold vulnerability 1, float, innate
caster, HP casting, extra vitality 1
a: Renounce Religion, Heroism


You were on level 6 of the Dungeon.
You worshipped Okawaru.
Okawaru was aware of your devotion.
You visited 2 branches of the dungeon, and saw 7 of its levels.

You collected 231 gold pieces.


Innate Abilities, Weirdness & Mutations

You are immune to sickness and miasma.
You are immune to poison.
Your flesh is very heat resistant. (rF++)
You are vulnerable to cold. (rC-)
You float through the air rather than walking.
You learn spells naturally, not from books.
Your magical power is your life essence.
You have superior vitality. (+4 MHP)


   Skills:
 - Level 5.4 Fighting
 - Level 7.0 Ranged Weapons
 - Level 2.3 Armour
 + Level 5.0 Dodging
 - Level 0.7 Stealth
 + Level 0.3 Invocations


You knew the following spells:

 Your Spells              Type           Power      Damage    Failure   Level
a - Summon Small Mammal   Summ           0%         N/A       52%         1
b - Scorch                Fire           0%         2d5       67%         2
c - Frozen Ramparts       Ice            0%         1d1       88%         3
Your spell library was empty.

Inventory:

Hand Weapons
 a - a +0 shortbow (weapon)
Armour
 b - the +0 helmet "Ytemiqad" (worn) {*Corrode Str+8 Dex+5}
   (You acquired it on level 3 of the Dungeon)

   Str+8:     It affects your strength (+8).
   Dex+5:     It affects your dexterity (+5).
   *Corrode:  It may corrode you when you take damage.
 i - a +0 ring mail (worn)
Jewellery
 h - an amulet of reflection (around neck)
 k - a ring of fire
Wands
 d - a wand of digging (1)
 l - a wand of polymorph (13)
Potions
 c - a potion of enlightenment
 e - a potion of heal wounds {unknown}
 f - 2 potions of curing
 g - a potion of lignification {unknown}
 j - a potion of might {unknown}

Dungeon Overview and Level Annotations

Branches:
Dungeon (6/15)             Temple (1/1) D:5

Altars:
Cheibriados
Dithmenos
Elyvilon
Gozag
Hepliaklqana
Makhleb
Okawaru
Qazlal
Ru
Trog
Uskayaw
Wu Jian
Xom
Zin
The Shining One

Shops:
D:1 [   D:4 *

Annotations:
D:3 1 runed translucent door, Crazy Yiuf
D:6 exclusion: electric eel


Message History

Your Armour skill increases to level 2!
Items here: (( )).
Things that are here:
5 stones; a +1 short sword of electrocution; a kobold corpse
Found a scroll of fear.
A shadow imp comes into view.
You shoot an arrow. The arrow hits the shadow imp.
The shadow imp is heavily wounded.
You shoot an arrow.
The arrow hits the shadow imp but does no damage.
The shadow imp is heavily wounded.
You shoot an arrow. The arrow hits the shadow imp!
You kill the shadow imp!
Okawaru accepts your kill.
You now have 231 gold pieces (gained 10).
An electric eel comes into view.
You shoot an arrow.
The arrow hits the electric eel but does no damage.
The electric eel shoots out a bolt of lightning at you!
The bolt of electricity hits you. The bolt of electricity hits you!
You shoot an arrow. The arrow hits the electric eel!
The electric eel is heavily wounded.
The electric eel shoots out a bolt of lightning at you!
The bolt of electricity hits you! The bolt of electricity misses you.
The electric eel shoots out a bolt of lightning at you!
The bolt of electricity hits you! x2
A scorpion comes into view.
Found a sapphire potion.
The electric eel shoots out a bolt of lightning at you!
The bolt of electricity hits you! x2
You shoot an arrow. The arrow hits the plant!
The plant begins to die.
The plant is lightly damaged.
You shoot an arrow. The arrow hits the plant.
The plant is lightly damaged.
You shoot an arrow. The arrow hits the plant.
The plant is lightly damaged.
A nearby plant withers and dies.
The electric eel shoots out a bolt of lightning at you!
The bolt of electricity hits you!
You die... .. .!.##.# ####.##PP~P.# ....P~PP~P. ##sPPPPP~.# #.PP.P~7~~PP# .# ~.P7~~~P.P# ..~~~7~~~~~P# ~~~7PP~S.@.# 7~7PP####.# ~~ 7PPPP#

#.### P~~
77PP.###...#
~P~77~~P.P##.#.##
P~PP~7~7~~P~.~..#
~.P~~77~~~~~P~.#
#..~PP~P7~~P.#
###~PPP.~P~..#


You could see a scorpion and an electric eel.

Vanquished Creatures
  Prince Ribbit (D:5)
  3 water moccasins (D:4)
  A black bear (D:5)
  3 phantoms
  A kobold brigand (D:6)
  A scorpion (D:4)
  A howler monkey (D:5)
  A bombardier beetle (D:5)
  A jelly (D:5)
  2 orc priests
  A gnoll bouda (D:5)
  A hound (D:4)
  An iguana (D:5)
  A sleepcap (D:5)
  4 adders
  3 gnolls (D:5)
  A shadow imp (D:6)
  A white imp (D:5)
  2 ribbon worms
  2 dart slugs
  9 orcs
  8 endoplasms
  A giant cockroach (D:4)
  7 hobgoblins
  6 jackals
  9 kobolds
  3 quokkas (D:1)
  6 ball pythons
  4 bats
  3 frilled lizards (D:1)
  3 goblins
  8 rats
99 creatures vanquished.

Notes
Turn   | Place    | Note
-------+----------+-------------------------------------------
     0 | D:1      | qw the Djinni Hunter began the quest for the Orb.
     0 | D:1      | Reached XP level 1. HP: 18/18 MP: 0/0
     0 | D:1      | 0 ||| qw: Version: 0.3-a-132-g3d54051
     0 | D:1      | 0 ||| qw: Game counter: 587
     0 | D:1      | 0 ||| qw: Melee chars always use a shield: true
     0 | D:1      | 0 ||| qw: God list: Okawaru
     0 | D:1      | 0 ||| qw: Allow faded altars: false
     0 | D:1      | 0 ||| qw: Do Orc after clearing Dungeon:15 true
     0 | D:1      | 0 ||| qw: Do second Lair branch before Depths: true
     0 | D:1      | 0 ||| qw: Lair rune preference: random
     0 | D:1      | 0 ||| qw: Goals: Normal
     0 | D:1      | 0 ||| PLANNING D:1-11
   147 | D:1      | Found Podyob's Antique Armour Shoppe.
   156 | D:1      | 156 ||| SHOPLISTING ring mail (76 gold, have 36).
   156 | D:1      | 156 ||| SHOPLISTING spiked ring mail (171 gold, have 36).
   176 | D:1      | Reached XP level 2. HP: 23/23 MP: 0/0
   197 | D:1      | Found a faded altar of an unknown god.
   704 | D:1      | Reached skill level 4 in Ranged Weapons
   704 | D:1      | Reached XP level 3. HP: 28/28 MP: 0/0
   704 | D:1      | Learned a level 1 spell: Summon Small Mammal
   758 | D:1      | 758 ||| UPGRADING to +0 ring mail.
   768 | D:1      | 768 ||| DROPPING +0 leather armour.
   769 | D:1      | 769 ||| READING scroll labelled ZUL ZOHYZOSOIP.
   770 | D:1      | 770 ||| READING 2 scrolls labelled LIYMEX GUMNYLO.
   770 | D:1      | 770 ||| ENCHANTING +0 shortbow.
   771 | D:1      | 771 ||| READING scroll labelled OCIARO FIMO.
   772 | D:1      | 772 ||| READING 2 scrolls labelled JUSHUE ZUMA.
   772 | D:1      | 772 ||| IDENTIFYING emerald potion
   773 | D:1      | 773 ||| READING scroll of identify.
   773 | D:1      | 773 ||| IDENTIFYING 2 puce potions
   774 | D:1      | 774 ||| READING scroll labelled FOJ NE VOHYRR.
   775 | D:1      | 775 ||| DROPPING scroll of butterflies.
   776 | D:1      | 776 ||| DROPPING potion of berserk rage.
   777 | D:1      | 777 ||| DROPPING 2 potions of degeneration.
   786 | D:2      | 786 ||| STAIRDANCE
   790 | D:2      | 790 ||| STAIRDANCE
   798 | D:2      | 798 ||| STAIRDANCE
   838 | D:2      | 838 ||| FLEEEEING.
   847 | D:2      | 847 ||| STAIRDANCE
   936 | D:2      | Reached skill level 1 in Armour
  1077 | D:2      | Reached XP level 4. HP: 34/34 MP: 0/0
  1161 | D:2      | Found a hazy altar of Hepliaklqana.
  1237 | D:2      | You are sucked into a shaft and drop 2 floors!
  1237 | D:4      | Found a bloodstained altar of Trog.
  1280 | D:4      | Noticed a phantom
  1295 | D:4      | Killed a phantom
  1296 | D:4      | Reached XP level 5. HP: 28/41 MP: 0/0
  1296 | D:4      | Learned a level 2 spell: Scorch
  1436 | D:4      | Found an opulent altar of Gozag.
  1465 | D:4      | Reached XP level 6. HP: 42/47 MP: 0/0
  1499 | D:4      | 1499 ||| FLEEEEING.
  1502 | D:4      | 1502 ||| STAIRDANCE
  1631 | D:3      | 1631 ||| UPGRADING to +0 helmet.
  1636 | D:3      | 1636 ||| FLEEEEING.
  1639 | D:3      | 1639 ||| FLEEEEING.
  1640 | D:3      | 1640 ||| FLEEEEING.
  1642 | D:3      | 1642 ||| FLEEEEING.
  1643 | D:3      | 1643 ||| FLEEEEING.
  1644 | D:3      | 1644 ||| STAIRDANCE
  1646 | D:2      | 1646 ||| READING scroll of enchant armour.
  1646 | D:2      | 1646 ||| ENCHANTING +0 helmet.
  1837 | D:2      | 1837 ||| UPGRADING to amulet of reflection.
  1842 | D:2      | 1842 ||| READING 2 scrolls of identify.
  1842 | D:2      | 1842 ||| IDENTIFYING bubbling emerald potion
  1843 | D:2      | 1843 ||| READING scroll of identify.
  1843 | D:2      | 1843 ||| IDENTIFYING murky orange potion
  1844 | D:2      | 1844 ||| READING scroll labelled LIP DIVAUTI.
  1945 | D:2      | 1945 ||| DROPPING potion of attraction.
  1946 | D:2      | 1946 ||| DROPPING potion of magic.
  2444 | D:3      | Found a runed translucent door.
  2445 | D:3      | Noticed Crazy Yiuf
  2573 | D:3      | 2573 ||| READING scroll labelled JOITHA HEVO.
  2574 | D:3      | 2574 ||| FLEEEEING.
  2689 | D:3      | 2689 ||| READING scroll labelled QEREOSSYLU.
  2690 | D:3      | 2690 ||| READING scroll labelled FUSYJO DAONLANK.
  2691 | D:3      | 2691 ||| FLEEEEING.
  2742 | D:3      | 2742 ||| READING scroll labelled WEFYSTA TOBI.
  2742 | D:3      | Identified a scroll of acquirement
  2742 | D:3      | 2742 ||| ACQUIRING +0 helmet "Ytemiqad" {*Corrode Str+8
                  | Dex+5}
  2742 | D:3      | Acquired the +0 helmet "Ytemiqad" {*Corrode Str+8 Dex+5}
  2744 | D:3      | 2744 ||| UPGRADING to +0 helmet "Ytemiqad" {*Corrode Str+8
                  | Dex+5}.
  2754 | D:3      | 2754 ||| DROPPING +1 helmet.
  3058 | D:4      | Reached skill level 3 in Dodging
  3166 | D:4      | Noticed a water moccasin
  3177 | D:4      | Killed a water moccasin
  3178 | D:4      | Reached skill level 5 in Ranged Weapons
  3178 | D:4      | 3178 ||| FLEEEEING.
  3412 | D:4      | Reached XP level 7. HP: 52/52 MP: 0/0
  3412 | D:4      | Learned a level 3 spell: Frozen Ramparts
  3442 | D:4      | Found Cymmoam's Serpentskin Sales.
  3442 | D:4      | Noticed a water moccasin
  3442 | D:4      | Noticed a water moccasin
  3443 | D:4      | 3443 ||| RETREEEEATING.
  3445 | D:4      | 3445 ||| RETREEEEATING.
  3447 | D:4      | 3447 ||| RETREEEEATING.
  3464 | D:4      | Killed a water moccasin
  3465 | D:4      | Killed a water moccasin
  3466 | D:4      | 3466 ||| FLEEEEING.
  3556 | D:4      | 3556 ||| SHOPLISTING +0 swamp dragon scales (500 gold, have
                  | 159).
  3596 | D:4      | Found a glowing silver altar of Zin.
  3596 | D:4      | Noticed an angel
  3626 | D:4      | Found a burning altar of Makhleb.
  3703 | D:4      | 3703 ||| DROPPING +2 helmet.
  3735 | D:5      | Entered Level 5 of the Dungeon
  3771 | D:5      | 3771 ||| FLEEEEING.
  3904 | D:5      | Reached skill level 6 in Ranged Weapons
  3912 | D:5      | Found a staircase to the Ecumenical Temple.
  3913 | D:5      | 3913 ||| PLANNING TEMPLE
  3923 | D:5      | 3923 ||| FLEEEEING.
  3963 | D:5      | 3963 ||| DRINKING 2 grey potions.
  3981 | Temple   | Entered the Ecumenical Temple
  3982 | Temple   | 3982 ||| PLANNING D:1-11
  4041 | D:5      | Reached XP level 8. HP: 54/58 MP: 0/0
  4044 | D:5      | 4044 ||| FLEEEEING.
  4214 | D:5      | Found an iron altar of Okawaru.
  4214 | D:5      | Found a shadowy altar of Dithmenos.
  4215 | D:5      | 4215 ||| PLANNING OKAWARU WORSHIP
  4215 | D:5      | 4215 ||| READING scroll of identify.
  4215 | D:5      | 4215 ||| IDENTIFYING bubbling orange potion
  4222 | D:5      | Became a worshipper of Warmaster Okawaru
  4223 | D:5      | 4223 ||| PLANNING D:1-11
  4268 | D:5      | 4268 ||| FLEEEEING.
  4352 | D:5      | 4352 ||| FLEEEEING.
  4461 | D:5      | Reached skill level 7 in Ranged Weapons
  4468 | D:5      | Noticed Prince Ribbit
  4482 | D:5      | Killed Prince Ribbit
  4482 | D:5      | Reached * piety under Okawaru
  4483 | D:5      | 4483 ||| FLEEEEING.
  4698 | D:5      | 4698 ||| FLEEEEING.
  4980 | D:6      | 4980 ||| STAIRDANCE
  4985 | D:5      | 4985 ||| FLEEEEING.
  5063 | D:6      | 5063 ||| STAIRDANCE
  5070 | D:6      | 5070 ||| STAIRDANCE
  5127 | D:6      | HP: 14/60 [electric eel/bolt of electricity (8)]
  5127 | D:6      | HP: 1/60 [electric eel/bolt of electricity (13)]
  5130 | D:6      | Killed from afar by an electric eel

Levels and vault maps discovered:
D:1:      lightli_arrival_statuegarden, layout_basic, serial_shops,
          nicolae_diamond_shop, hellmonk_ecumenical_altar_run_dry
D:2:      layout_rooms, serial_forest, infiniplex_forest_pool,
          infiniplex_forest_lined_3_way, infiniplex_forest_clump_tiny,
          infiniplex_forest_3_way, infiniplex_forest_3_way,
          infiniplex_forest_straight_3, infiniplex_forest_zigzag_1,
          infiniplex_forest_end_1, basic_altar
D:3:      layout_loops_ring, serial_rivers, chequers_serial_rivers_marsh,
          chequers_serial_rivers_marsh, chequers_serial_rivers_micro_c,
          chequers_serial_rivers_micro_b, chequers_serial_rivers_micro_d,
          uniq_crazy_yiuf_cottage
D:4:      layout_loops_corners, hellmonk_overflow_destroyed_library, zin_angel,
          nicolae_gozag_seed_capital, makhleb_heckhound_becter,
          guppyfry_shop_venom
D:5:      layout_basic, mainiacjoe_overflow_alcove_2,
          mainiacjoe_overflow_large_starburst, minmay_temple_entry_proselytizer,
          uniq_prince_ribbit1
D:6:      layout_rooms, serial_bayou, serial_bayou_lagoon_a,
          serial_bayou_pond_c, serial_bayou_lagoon_b, serial_bayou_ford_a,
          uniq_maggie
Temple:   chequers_temple_sunken

Skill      XL: |  1  2  3  4  5  6  7  8 |
---------------+-------------------------+-----
Ranged Weapons | 4 5 6 7 |  7.0
Armour         | 1 2 |  2.3
Fighting       | 4 5 |  5.4
Dodging        | 3 4 5 |  5.0
Stealth        | |  0.7
Invocations    | |  0.3

Action                     |  1- 3 |  4- 6 |  7- 9 || total
---------------------------+-------+-------+-------++-------
   Fire: Shortbow          |    74 |   142 |   187 ||   403
    Use: Scroll            |     6 |     8 |     1 ||    15
         Potion            |       |       |     1 ||     1
 Armour: Leather armour    |     1 |       |       ||     1
         Ring mail         |     8 |    36 |    68 ||   112
  Dodge: Dodged            |    13 |    39 |    66 ||   118
  Block: Other             |       |    10 |    27 ||    37
         Reflection        |       |     1 |     3 ||     4

Table legend:
 A = Non-vault XP
 B = Vault XP
 C = Vault XP percentage of total XP
 D = Non-vault monster count
 E = Vault monster count
 F = Vault count percentage of total count
                 A         B        C        D         E       F
            +---------+---------+-------+---------+---------+-------
      Total |    1306 |     655 |  33.4 |      94 |       5 |   5.1
            +---------+---------+-------+---------+---------+-------
        D:1 |      34 |       0 |   0.0 |      23 |       0 |   0.0
        D:2 |      41 |       0 |   0.0 |      17 |       0 |   0.0
        D:3 |      26 |       0 |   0.0 |      12 |       0 |   0.0
        D:4 |     421 |     346 |  45.1 |      18 |       3 |  14.3
        D:5 |     694 |     309 |  30.8 |      20 |       2 |   9.1
        D:6 |      90 |       0 |   0.0 |       4 |       0 |   0.0
            +---------+---------+-------+---------+---------+-------
